AoeStats
← xiscosb

Arabia

510569611Analyzed
1v1 RM · 16h ago on Oct 1, 2026· 44m 55s· 2 players
Game mode
Random Map
Map size
Tiny (2 player)
Population
200
Speed
Normal
Resources
Standard
Victory
Conquest
Starting age
Dark Age
Ending age
Imperial Age
RankedLock teamsTeams togetherTeam positionsShared explorationLock speedFull tech treeHidden civsTurbo modeCheats
Victory
Defeat
🇨🇳 Chinese · China
868
+15
🇪🇸 Magyars · Spain
852
-15
xiscosb
0:29 Loom
12:06 Feudal Age
13:29 Wheelbarrow
12:38 Horse Collar
12:46 Double-Bit Axe
12:56 Gold Mining
17:52 Man-at-Arms
20:54 Castle Age
18:54 Man-at-Arms
19:19 Arson
20:11 Fletching
21:56 Hand Cart
22:07 Bow Saw
21:40 Long Swordsman
22:52 Elite Skirmisher
24:48 Pikeman
25:26 Bodkin Arrow
29:58 Ballistics
29:41 Padded Archer Armor
29:42 Scale Mail Armor
33:49 Masonry
33:19 Treadmill Crane
41:14 Imperial Age
40:45 Gold Shaft Mining
43:30 Chemistry
280897526
0:31 Loom
10:05 Feudal Age
10:50 Double-Bit Axe
10:47 Horse Collar
14:21 Gold Mining
14:44 Town Watch
21:01 Castle Age
20:46 Wheelbarrow
21:05 Crossbowman
21:51 Thumb Ring
21:38 Fletching
21:49 Padded Archer Armor
22:04 Heavy Plow
22:35 Bow Saw
23:22 Bodkin Arrow
24:43 Stone Mining
25:33 Gold Shaft Mining
26:29 Fervor
27:17 Town Patrol
27:53 Wheelbarrow
27:42 Ballistics
27:19 Stone Mining
28:30 Leather Archer Armor
38:41 Imperial Age
37:11 Husbandry
37:51 Scale Barding Armor
39:22 Masonry
40:05 Conscription
40:37 Architecture
40:09 Bracer
41:14 Chemistry
40:58 Sanctity
40:54 Block Printing
41:19 Hand Cart
41:45 Stone Shaft Mining
42:03 Ring Archer Armor
42:15 Arbalester
42:38 Heavy Rocket Cart
43:41 Arrowslits
Connection lost

Rejoining the realm…

Still unreachable

The connection could not be restored.

Session expired

The server has moved on; the page needs a fresh start.